 Dungeon Crawl Stone Soup version 0.27-a0-808-g60bc5d92e6 (webtiles) character file.

Game seed: 16483192176644046709

15887 spiderkeys the Cleaver (level 12, -6/165 HPs)
             Began as a Minotaur Berserker on Mar 29, 2021.
             Was a High Priest of Trog.
             Mangled by a death knight
             ... wielding a +3 battleaxe
              (18 damage)
             ... on level 11 of the Dungeon.
             The game lasted 00:16:29 (13982 turns).

spiderkeys the Cleaver (Minotaur Berserker)        Turns: 13982, Time: 00:16:30

Health: -6/165     AC: 20    Str: 34    XL:     12   Next: 5%
Magic:  11/11      EV: 12    Int:  4    God:    Trog [*****.]
Gold:   170        SH:  5    Dex: 16    Spells: 11/11 levels left

rFire    . . .     SeeInvis .   E - +3 morningstar "Urep" {vorpal, Dex+7}
rCold    . . .     Faith    .   C - +0 buckler
rNeg     . . .     Spirit   .   m - +0 plate armour
rPois    .         Reflect  .   (helmet restricted)
rElec    .         Harm     .   n - +1 cloak
rCorr    +         Rampage  .   q - +2 pair of gloves "Vuruol" {Will- Regen+ Slay+3}
Will     .....                  (no boots)
Stlth    ..........             (no amulet)
HPRegen  1.37/turn              y - ring of resist corrosion
MPRegen  0.12/turn              w - +6 ring of strength

@: berserking, slowed
A: horns 2, retaliatory headbutt
a: Renounce Religion, Berserk, Trog's Hand, Brothers in Arms


You were on level 11 of the Dungeon.
You worshipped Trog.
Trog was extremely pleased with you.
You visited 1 branch of the dungeon, and saw 11 of its levels.
You also visited: Sewer.

You collected 767 gold pieces.
You spent 597 gold pieces at shops.

Inventory:

Hand Weapons
 a - a +0 hand axe
 E - the +3 morningstar "Urep" (weapon) {vorpal, Dex+7}
   (You bought it in a shop on level 9 of the Dungeon)

   It inflicts extra damage upon your enemies.
   It affects your dexterity (+7).
Missiles
 F - 3 javelins
Armour
 m - a +0 plate armour (worn)
 n - a +1 cloak (worn)
 o - a +0 pair of gloves
 q - the +2 pair of gloves "Vuruol" (worn) {Will- Regen+ Slay+3}
   (You acquired it on level 8 of the Dungeon)

   It affects your accuracy and damage with ranged weapons and melee attacks
   (+3).
   It affects your willpower, your defense against some magical effects.
   It increases your rate of regeneration.
 C - a +0 buckler (worn)
Jewellery
 w - a +6 ring of strength (right hand)
 y - a ring of resist corrosion (left hand)
 D - a ring of protection from fire
Wands
 k - a wand of mindburst (9)
 H - a wand of polymorph (4)
Scrolls
 b - a scroll of brand weapon
 d - 6 scrolls of teleportation
 j - 3 scrolls of fog
 l - 2 scrolls of magic mapping
 r - a scroll of summoning
 u - 4 scrolls of vulnerability
 z - 2 scrolls of immolation
 A - a scroll of torment
 B - 2 scrolls of enchant armour
 G - 5 scrolls of identify
Potions
 c - 4 potions of haste
 e - 2 potions of lignification
 f - a potion of ambrosia {unknown}
 g - 3 potions of berserk rage {unknown}
 h - a potion of attraction {unknown}
 i - 4 potions of heal wounds
 p - 3 potions of might {unknown}
 s - a potion of invisibility {unknown}
 t - 3 potions of brilliance {unknown}
 v - a potion of mutation {unknown}
 x - 2 potions of flight {unknown}


   Skills:
 + Level 11.2 Fighting
 - Level 13.0(13.7) Axes
 * Level 8.0(11.5) Maces & Flails
 + Level 10.9 Armour
 - Level 8.7 Dodging
 - Level 4.0 Shields


You had 11 spell levels left.
You didn't know any spells.
Your spell library was empty.

Dungeon Overview and Level Annotations

Branches:
Dungeon (11/15)            Temple (0/1) D:6            Lair (0/6) D:8
    Orc (0/2) D:9           Sewer (visited)

Altars:
Ashenzari
Dithmenos
Fedhas
Kikubaaqudgha
Qazlal
Sif Muna
Wu Jian
Xom
The Shining One

Shops:
D:3 *   D:9 (


Innate Abilities, Weirdness & Mutations

You have a pair of horns on your head.
You reflexively headbutt those who attack you in melee.


Message History

The death knight is moderately wounded.
The death knight reflects your damage back at you!
The death knight hits you with a +3 battleaxe!
The freezing wraith hits you. The freezing wraith freezes you!!
* * * LOW HITPOINT WARNING * * *
The freezing wraith barely misses you.
You feel much better.
The freezing wraith closely misses you. x2
The death knight hits you with a +3 battleaxe!
The death knight's dark mirror aura disappears.
A red film seems to cover your vision as you go berserk!
You feel yourself moving faster!
You feel mighty! You block the freezing wraith's attack.
The freezing wraith hits you. The freezing wraith drains your vigour!
You feel yourself slow down. The death knight misses you.
You impale the death knight!!
The death knight is heavily wounded.
The death knight hits you with a +3 battleaxe!!
The freezing wraith hits you but does no damage.
The freezing wraith hits you! The freezing wraith drains your vigour!
You feel as though you will be slow longer.
You impale the death knight!! You headbutt the death knight.
The death knight is almost dead.
The freezing wraith hits you but does no damage.
The freezing wraith closely misses you.
The death knight hits you with a +3 battleaxe!!
* * * LOW HITPOINT WARNING * * *
You hit the death knight.
The death knight is almost dead.
The freezing wraith hits you but does no damage.
The freezing wraith barely misses you.
The death knight calls down the wrath of Yredelemnul upon you.
Your body is wracked with pain!
* * * LOW HITPOINT WARNING * * *
You closely miss the death knight.
The death knight is almost dead.
The freezing wraith hits you but does no damage.
The freezing wraith hits you.
* * * LOW HITPOINT WARNING * * *
The death knight hits you with a +3 battleaxe!!
You die...

##.....##... .....
##.......... .....
#.....##....##.....
#........##.......
#.................
#..................
##..................
##....W..............
###....@p.............#
#......##............#
#.....###....<.......#
..................###.#
#...###.................
##.. #.........#####...
#. #.........# #.#... #
#......$..###.....
#......##.........


You could see a death knight and a freezing wraith.

Vanquished Creatures
  Snorg (D:10)
  The ghost of Sekkong the Blocker, a journeyman MiBe of Trog (D:8)
  Erica (D:8)
  2 two-headed ogres (D:10)
  An unseen horror (D:11)
  2 freezing wraiths (D:11)
  A troll (D:7)
  The ghost of indyram44 the Cudgeller, an amateur DsGl (D:4)
  A shadow (D:11)
  A vampire (D:9)
  6 wyverns
  20 yaks
  2 basilisks
  8 wraiths
  7 vampire mosquitoes
  Edmund (D:6)
  7 water moccasins
  3 orc warriors
  A sky beast (D:3)
  A hornet zombie (D:7)
  A black bear (D:5)
  2 ogres
  2 necrophages
  A phantom (D:5)
  3 centaurs
  2 kobold brigands
  A bullfrog (D:9)
  2 gnoll sergeants (D:9)
  A wyvern zombie (D:8)
  A water moccasin skeleton (D:4)
  3 scorpions
  5 killer bees (D:9)
  5 wights (D:7)
  3 howler monkeys (D:10)
  A bullfrog zombie (D:6)
  2 centaur zombies
  5 human zombies (D:8)
  A jelly (D:6)
  8 orc priests
  A centaur skeleton (D:5)
  4 hounds
  A bullfrog skeleton (D:4)
  A human skeleton (D:8)
  4 iguanas
  11 orc wizards
  Terence (D:2)
  A killer bee zombie (D:7)
  A hound zombie (D:5)
  3 mummies (D:8)
  13 gnolls
  10 adders
  3 river rats (Sewer)
  2 ufetubi (D:4)
  3 worms
  A dart slug (D:3)
  23 orcs
  9 ball pythons
  9 endoplasms
  2 giant cockroaches
  3 goblins
  12 hobgoblins
  13 jackals
  17 kobolds
  A quokka (D:1)
  5 bats
  8 frilled lizards (Sewer)
  An orc zombie (D:8)
  16 rats
296 creatures vanquished.

Vanquished Creatures (others)
  A fungus (D:8)
  14 plants (D:8)
15 creatures vanquished.

Grand Total: 311 creatures vanquished

Notes
Turn   | Place    | Note
-------+----------+-------------------------------------------
     0 | D:1      | spiderkeys the Minotaur Berserker began the quest for the
                  | Orb.
     0 | D:1      | Reached XP level 1. HP: 19/19 MP: 0/0
   489 | D:1      | Reached XP level 2. HP: 23/27 MP: 1/1
   567 | D:1      | Reached skill level 4 in Axes
  1441 | D:2      | Noticed Terence
  1448 | D:2      | Killed Terence
  1449 | D:2      | Reached XP level 3. HP: 33/33 MP: 2/2
  1673 | D:2      | Reached ** piety under Trog
  1723 | D:2      | Reached XP level 4. HP: 34/40 MP: 3/3
  2510 | D:3      | Noticed a sky beast
  2519 | D:3      | Killed a sky beast
  2520 | D:3      | Reached skill level 5 in Axes
  2520 | D:3      | Reached XP level 5. HP: 39/47 MP: 4/4
  2568 | D:3      | Found Madoihav's General Store.
  3074 | D:4      | Noticed a necrophage
  3079 | D:4      | Killed a necrophage
  3080 | D:4      | Reached skill level 6 in Axes
  3080 | D:4      | Reached XP level 6. HP: 50/55 MP: 5/5
  3082 | D:4      | Reached skill level 5 in Fighting
  3587 | D:4      | Reached *** piety under Trog
  3631 | D:4      | Found a runed translucent door.
  3632 | D:4      | Noticed indyram44's ghost (amateur DsGl)
  3860 | D:4      | Reached XP level 7. HP: 59/61 MP: 6/6
  4215 | D:4      | Reached skill level 7 in Axes
  4478 | D:4      | Killed indyram44's ghost
  4479 | D:4      | Reached skill level 5 in Armour
  4642 | D:5      | Entered Level 5 of the Dungeon
  4689 | D:5      | Reached skill level 5 in Dodging
  4689 | D:5      | Reached XP level 8. HP: 33/70 MP: 7/7
  4884 | D:5      | Reached skill level 8 in Axes
  6206 | D:6      | Reached skill level 9 in Axes
  6209 | D:6      | Found a staircase to the Ecumenical Temple.
  6270 | D:6      | Found a glowing drain.
  6287 | Sewer    | Entered a sewer
  6321 | Sewer    | Reached **** piety under Trog
  6927 | D:6      | Reached XP level 9. HP: 63/79 MP: 8/8
  7199 | D:6      | Reached skill level 10 in Axes
  7394 | D:6      | Noticed Edmund
  7413 | D:6      | Killed Edmund
  7690 | D:6      | You fall into a shaft and drop 1 floor!
  8246 | D:6      | Found a blossoming altar of Fedhas.
  8973 | D:7      | Noticed a troll
  8990 | D:7      | Killed a troll
  9599 | D:8      | Reached skill level 11 in Axes
 10356 | D:8      | Noticed Erica
 10371 | D:8      | Killed Erica
 10372 | D:8      | Reached XP level 10. HP: 76/90 MP: 9/9
 10522 | D:8      | Found an ornate altar of the Wu Jian Council.
 10580 | D:8      | Found a staircase to the Lair.
 11072 | D:7      | Reached skill level 12 in Axes
 11292 | D:8      | Found an ancient bone altar of Kikubaaqudgha.
 11559 | D:8      | Found a shimmering altar of Xom.
 11569 | D:8      | Found a shadowy altar of Dithmenos.
 11569 | D:8      | Found a stormy altar of Qazlal.
 11569 | D:8      | Found a shimmering blue altar of Sif Muna.
 11572 | D:8      | Found a runed translucent gate.
 11573 | D:8      | Found a runed translucent gate.
 11574 | D:8      | Found a runed translucent gate.
 11576 | D:8      | Noticed Sekkong's ghost (journeyman MiBe)
 11678 | D:8      | Reached ***** piety under Trog
 11679 | D:8      | Reached skill level 1 in Shields
 11995 | D:8      | Identified a scroll of acquirement
 11996 | D:8      | Acquired the +2 pair of gloves "Vuruol" {Will- Regen+
                  | Slay+3}
 12026 | D:8      | Killed Sekkong's ghost
 12042 | D:8      | Reached XP level 11. HP: 91/99 MP: 10/10
 12109 | D:9      | Found a staircase to the Orcish Mines.
 12111 | D:9      | Found Udeumooq's Weapon Boutique.
 12114 | D:9      | Reached skill level 13 in Axes
 12137 | D:9      | Bought the +3 morningstar "Urep" {vorpal, Dex+7} for 597
                  | gold pieces
 12260 | D:9      | Reached skill level 1 in Maces & Flails
 12463 | D:9      | Reached skill level 10 in Fighting
 12476 | D:9      | Found a glowing golden altar of the Shining One.
 12489 | D:9      | Received a gift from Trog
 12631 | D:9      | Found a broken altar of Ashenzari.
 13030 | D:10     | Entered Level 10 of the Dungeon
 13143 | D:10     | Found a shimmering altar of Xom.
 13251 | D:10     | Reached skill level 10 in Armour
 13261 | D:10     | Reached skill level 5 in Maces & Flails
 13547 | D:10     | Noticed a two-headed ogre
 13552 | D:10     | Killed a two-headed ogre
 13603 | D:10     | Noticed a two-headed ogre
 13609 | D:10     | Killed a two-headed ogre
 13722 | D:10     | Noticed Snorg
 13727 | D:10     | Killed Snorg
 13917 | D:11     | Reached XP level 12. HP: 91/110 MP: 11/11
 13930 | D:11     | Noticed a death knight
 13982 | D:11     | Mangled by a death knight

Illustrated notes

Levels and vault maps discovered:
D:1:      lightli_arrival_isolated_outpost, layout_loops_corners
D:2:      layout_basic, uniq_terence
D:3:      layout_rooms, serial_shops, shop
D:4:      minmay_chambers_of_twos, layout_loops_ring,
          hellmonk_ghost_happy_afterlife, kennysheep_generic_room_11
D:5:      layout_cave_pods
D:6:      layout_loops_cross, minmay_temple_entry_overgrown,
          cheibrodos_sewer_entry_bend, fedhas_altar_fruit_tree, uniq_edmund
D:7:      layout_loops_corners
D:8:      layout_rooms, grunt_temple_overflow_open, lemuel_crystal_altar,
          minmay_lair_entry_grove, gammafunk_ghost_spectres,
          hangedman_abyss_or_decor_lesser_grid,
          lemuel_mausoleum_altar_kikubaaqudgha, uniq_erica
D:9:      lemuel_flame_loot_2, layout_basic, kennysheep_mini_moat, orc_david_3,
          basic_altar
D:10:     layout_roguey, lemuel_altar_in_water, uniq_snorg
D:11:     layout_cave_pools, uniq_urug

Skill      XL: |  1  2  3  4  5  6  7  8  9 10 11 12 |
---------------+-------------------------------------+-----
Axes           | 4 5 6 7 9 11 12 13 | 13.0
Fighting       | 4 5 6 7 8 9 11 | 11.2
Armour         | 3 4 5 6 8 9 10 | 10.9
Dodging        | 3 4 5 6 7 8 |  8.7
Shields        | 2 4 |  4.0
Maces & Flails | 7 8 |  8.0

Action                   |  1- 3 |  4- 6 |  7- 9 | 10-12 || total
-------------------------+-------+-------+-------+-------++-------
Melee: Hand axe          |    65 |   124 |   420 |   249 ||   858
       Headbutt          |    10 |    27 |    62 |   100 ||   199
       Morningstar       |       |       |       |   147 ||   147
Invok: Berserk           |     1 |       |     3 |     4 ||     8
  Use: Scroll            |       |       |    11 |     2 ||    13
       Potion            |       |       |     4 |     3 ||     7
Armor: Animal skin       |    10 |       |       |       ||    10
       Scale mail        |    12 |    52 |    15 |       ||    79
       Chain mail        |       |       |   176 |       ||   176
       Skin              |       |       |    13 |       ||    13
       Plate armour      |       |       |     8 |   255 ||   263
Dodge: Dodged            |    52 |    48 |   214 |   219 ||   533
Block: Buckler           |       |       |       |    62 ||    62

Table legend: (Time is in decaauts)
 A = Elapsed time spent in this place.
 B = Non-inter-level travel time spent in this place.
 C = Inter-level travel time spent in this place.
 D = Time resting spent in this place.
 E = Time spent auto-exploring this place.
 F = Levels seen in this place.
 G = Mean time per level.
                   A        B        C        D        E       F      G
               +--------+--------+--------+--------+--------+-----+--------+
         Total |  13970 |  13584 |    386 |   2512 |   9301 |  12 | 1164.2 |
       Dungeon |  13557 |  13171 |    386 |   2512 |   9030 |  11 | 1232.5 |
         Sewer |    412 |    412 |      0 |      0 |    270 |   1 |  412.0 |
               +--------+--------+--------+--------+--------+-----+--------+

Top non-repeatable levels by time:
     D:7: 2861 daAuts
     D:4: 1579 daAuts
     D:5: 1524 daAuts
     D:1: 1451 daAuts
     D:6: 1380 daAuts
     D:8: 1215 daAuts
     D:2: 1063 daAuts
     D:9: 942 daAuts
    D:10: 825 daAuts
     D:3: 580 daAuts
   Sewer: 412 daAuts
    D:11: 132 daAuts
